 Dungeon Crawl Stone Soup version 0.31-a0-1204-ge2c1a860ed (webtiles) character file.

Game seed: 6909135900560424464

14473 MachoJfn the Spear-Bearer (level 11, -9/78 HPs)
             Began as a Demonspawn Gladiator on Dec 12, 2023.
             Was a Plaything of Xom.
             Mangled by Rupert
             ... wielding a +2 battleaxe of distortion
              (24 damage)
             ... on level 12 of the Dungeon.
             The game lasted 00:42:56 (12879 turns).

MachoJfn the Spear-Bearer (Demonspawn Gladiator)   Turns: 12879, Time: 00:42:57

Health: -9/78      AC: 21    Str: 33    XL:     11   Next: 89%
Magic:  11/11      EV:  9    Int: 12    God:    Xom [.*....]
Gold:   863        SH:  5    Dex: 11    Spells: 10/10 levels left

rFire   . . .        a - +2 trident (freeze)
rCold   . . .        (no shield)
rNeg    + . .        F - +4 plate armour "Boriuq" {rN+ Stlth+}
rPois   .            (helmet restricted)
rElec   .            (cloak unavailable)
rCorr   .            i - +0 pair of gloves
SInv    .            (no boots)
Will    +....        H - amulet of reflection Stlth
                     f - +6 ring of strength
HPRegen 0.33/turn    l - +6 ring of strength
MPRegen 0.24/turn

%: reflection
@: no status effects
A: spiny 1, magic regeneration, sharp scales 2, weakness stinger 3, horns 1,
clever 1, clumsy 1, frail 1, strong-willed 1, strong 1, subdued magic 1,
inability to drink after injury 1, MP-powered wands
a: Renounce Religion


You were on level 12 of the Dungeon.
You worshipped Xom.
You were a plaything of Xom.
You visited 2 branches of the dungeon, and saw 13 of its levels.

You collected 863 gold pieces.

Inventory:

Hand Weapons
 a - a +2 trident of freezing (weapon)
 u - the +10 arbalest "Tuodgh" {penet, rPois Will+ SInv}
   (You found it on level 2 of the Dungeon)

   rPois:     It protects you from poison Will+: It increases your willpower.
   SInv:      It lets you see invisible.
 P - a +5 spear
Missiles
 d - 3 throwing nets (quivered)
 e - 10 javelins
 g - 86 stones
 o - 12 poisoned darts
 N - 4 large rocks
Armour
 c - a +0 helmet
 i - a +0 pair of gloves (worn)
 n - a +2 chain mail of willpower
 F - the +4 plate armour "Boriuq" (worn) {rN+ Stlth+}
   (You found it on level 6 of the Dungeon)

   rN+:       It protects you from negative energy.
   Stlth+:    It makes you more stealthy.
 M - a +0 troll leather armour
Magical Staves
 m - a staff of poison
 x - a staff of conjuration
Jewellery
 f - a +6 ring of strength (left hand)
 k - a ring of willpower
 l - a +6 ring of strength (right hand)
 q - a ring of wizardry
 A - a +6 ring of intelligence
 H - an amulet of reflection (around neck)
 I - a ring of protection from cold
 L - a +5 ring of evasion
Talismans
 v - a storm talisman
Wands
 w - a wand of paralysis (4)
 E - a wand of polymorph (10)
 J - a wand of roots (8)
 K - a wand of mindburst (9)
 O - a wand of quicksilver (13)
 Q - a wand of flame (11)
Scrolls
 h - 2 scrolls of immolation
 p - 4 scrolls of fog
 r - 5 scrolls of identify
 s - 2 scrolls of vulnerability
 y - 2 scrolls of poison
 C - 2 scrolls of fear
 G - a scroll of amnesia
Potions
 b - 2 potions of enlightenment
 j - 2 potions of curing
 t - a potion of brilliance
 z - a potion of invisibility
 B - a potion of mutation
 D - 2 potions of magic


   Skills:
 + Level 8.5 Fighting
 + Level 13.0 Polearms
 - Level 1.7 Throwing
 + Level 9.3 Armour
 + Level 4.3 Dodging
 - Level 0.9 Shields


You had 10 spell levels left.
You didn't know any spells.
Your spell library contained the following spells:

 Spells                   Type           Power      Damage    Failure   Level
 Kiss of Death            Conj/Necr      0%         2d5       89%         1
 Sting                    Tmut/Pois      0%         1d3       89%         1
 Poisonous Vapours        Pois/Air       0%         N/A       96%         2
 Confusing Touch          Hex            0%         N/A       99%         3
 Ozocubu's Armour         Ice            0%         N/A       99%         3
 Tukima's Dance           Hex            0%         N/A       99%         3
 Dimensional Bullseye     Hex/Tloc       0%         N/A       100%        4
 Dispel Undead            Necr           0%         3d6       100%        4
 Iskenderun's Mystic Bla  Conj/Tloc      0%         2d3       100%        4
 Olgreb's Toxic Radiance  Pois           0%         N/A       100%        4
 Passage of Golubria      Tloc           0%         N/A       100%        4
 Yara's Violent Unravell  Hex/Tmut       0%         3d3       100%        5
 Ozocubu's Refrigeration  Ice            0%         4d7       100%        7


Dungeon Overview and Level Annotations

Branches:
Dungeon (12/15)            Temple (1/1) D:4            Lair (0/5) D:9
    Orc (0/2) D:9

Altars:
Ashenzari
Cheibriados
Dithmenos
Fedhas
Gozag
Hepliaklqana
Kikubaaqudgha
Makhleb
Nemelex Xobeh
Okawaru
Qazlal
Ru
Sif Muna
Trog
Uskayaw
Vehumet
Wu Jian
Xom
Yredelemnul

Shops:
D:7 :   D:8 ?

Annotations:
D:10 5 transporters
D:11 exclusion: oklob sapling
D:12 Rupert


Innate Abilities, Weirdness & Mutations

You are partially covered in sharp spines.
You regenerate magic rapidly.
You are mostly covered in razor-sharp scales. (AC +2, Slay +2)
You have a sharp stinger which inflicts weakening toxins.
You have a pair of small horns on your head.
Your mind is acute. (Int +4, Str/Dex -1)
You are clumsy. (Dex -2)
You are frail. (-10% HP)
You are strong-willed. (Will+)
Your muscles are strong. (Str +4, Int/Dex -1)
Your spells are a little easier to cast, but a little less powerful.
You occasionally lose the ability to drink potions when taking damage.
You expend magic power (3 MP) to strengthen your wands.


Message History

Aim: a komodo dragon (about 25% to evade your +2 trident of freezing)
You reach to attack!
You puncture the komodo dragon!
The komodo dragon seems to slow down.
You freeze the komodo dragon.
The komodo dragon is moderately wounded.
Xom decides to rearrange the pieces.
You swap places with the komodo dragon.
Reach: a) +2 trident (freeze)
Press: ? - help, Dir - move target, f/p - komodo dragon
Aim: a komodo dragon (moderately wounded, slow, about 25% to evade your +2 trident of freezing)
You reach to attack!
You puncture the komodo dragon!
The komodo dragon seems to slow down.
You freeze the komodo dragon.
The komodo dragon is severely wounded.
Something hits you. Space warps around you. Something hits you!
Space warps around you.
Reach: a) +2 trident (freeze)
Press: ? - help, Dir - move target, f/p - komodo dragon
Aim: a komodo dragon (severely wounded, slow, about 25% to evade your +2 trident of freezing)
You reach to attack!
You puncture the komodo dragon! You freeze the komodo dragon.
The komodo dragon is almost dead.
Something hits you!
Reach: a) +2 trident (freeze)
Press: ? - help, Dir - move target, f/p - komodo dragon
Aim: a komodo dragon (almost dead, slow, about 25% to evade your +2 trident of freezing)
You puncture the komodo dragon! You freeze the komodo dragon.
You kill the komodo dragon!
Your Polearms skill increases to level 13!
Reach: a) +2 trident (freeze)
Press: ? - help, Dir - move target You impale something!!
You freeze something. Something hits you but does no damage.
Space warps around you.
Unknown command.
You puncture something! You freeze something. Something hits you!
* * * LOW HITPOINT WARNING * * *
You blink.
Unknown command.
Something hits you!
* * * LOW HITPOINT WARNING * * *
Space warps horribly around you!!
You die...

... .. ..# ... #.# #.#
#.# #.####### #.#
##.#.@.<.#
#.####.............
#..................
#######......†...........
........##...............
#####......#.............
##.##..###............
#...<.## #............
#..#### #.?......


There were no monsters in sight!

Vanquished Creatures
  A two-headed ogre (D:9)
  A tengu warrior (D:8)
  2 skeletal warriors (D:10)
  3 kobold demonologists
  An unseen horror (D:11)
  A komodo dragon (D:12)
  2 trolls
  2 hornets (D:11)
  A vampire (D:10)
  A shadow (D:11)
  A wraith (D:10)
  A wyvern (D:8)
  16 yaks
  2 basilisks (D:9)
  Eustachio (D:6)
  3 vampire mosquitoes (D:10)
  Menkaure (D:6)
  3 steam dragons
  An acid dragon (D:9)
  3 water moccasins
  7 orc warriors
  4 sky beasts
  2 ice beasts
  4 centaurs
  2 phantoms
  6 kobold brigands
  4 bullfrogs
  A scorpion (D:4)
  18 wights
  13 killer bees
  A howler monkey (D:5)
  2 hounds
  9 orc priests
  A gnoll bouda (D:9)
  4 jellies
  A sleepcap (D:4)
  Jessica (D:3)
  2 iguanas
  9 orc wizards
  8 gnolls
  7 adders
  7 river rats (D:5)
  6 ufetubi (D:6)
  4 worms
  A dart slug (D:2)
  38 orcs
  13 ball pythons
  6 endoplasms
  4 giant cockroaches
  5 goblins
  6 hobgoblins
  2 jackals (D:1)
  21 kobolds
  8 quokkas
  7 bats
  4 frilled lizards
  19 rats
304 creatures vanquished.

Vanquished Creatures (collateral kills)
  3 yaks (D:10)
3 creatures vanquished.

Grand Total: 307 creatures vanquished

Notes
Turn   | Place    | Note
-------+----------+-------------------------------------------
     0 | D:1      | MachoJfn the Demonspawn Gladiator began the quest for the
                  | Orb.
     0 | D:1      | Reached XP level 1. HP: 16/16 MP: 1/1
   176 | D:1      | Reached skill level 3 in Polearms
   178 | D:1      | Gained mutation: You are partially covered in sharp spines.
                  | [demonic ancestry]
   178 | D:1      | Reached XP level 2. HP: 22/22 MP: 2/2
   673 | D:1      | You fall into a shaft and drop 1 floor!
   706 | D:2      | Reached XP level 3. HP: 27/27 MP: 3/3
   988 | D:2      | Identified the +10 arbalest "Tuodgh" {penet, rPois Will+
                  | SInv}
  1133 | D:2      | Reached skill level 1 in Armour
  1318 | D:2      | Gained mutation: You are partially covered in razor-sharp
                  | scales. (AC +1, Slay +1) [demonic ancestry]
  1318 | D:2      | Reached XP level 4. HP: 34/34 MP: 4/4
  1679 | D:3      | Noticed Jessica
  1697 | D:3      | Killed Jessica
  1899 | D:3      | Found a radiant altar of Vehumet.
  2009 | D:3      | Found a faded altar of an unknown god.
  2020 | D:3      | Reached skill level 4 in Polearms
  2020 | D:3      | Gained mutation: You regenerate magic rapidly. [demonic
                  | ancestry]
  2020 | D:3      | Reached XP level 5. HP: 15/39 MP: 5/5
  2697 | D:4      | Found a shimmering altar of Xom.
  2915 | D:4      | Found a staircase to the Ecumenical Temple.
  2926 | D:4      | Identified the +7 short sword "Nejepnaf" {freeze, rElec
                  | rCorr SInv}
  2940 | Temple   | Entered the Ecumenical Temple
  3096 | D:4      | Became a worshipper of Xom of Many Doors
  3254 | D:4      | XOM: cloud trail
  3913 | D:5      | Entered Level 5 of the Dungeon
  3920 | D:5      | Found a sparkling altar of Nemelex Xobeh.
  3962 | D:5      | XOM: divination: detect creatures
  3965 | D:5      | Gained mutation: You are mostly covered in razor-sharp
                  | scales. (AC +2, Slay +2) [demonic ancestry]
  3965 | D:5      | Reached XP level 6. HP: 41/46 MP: 6/6
  4053 | D:5      | XOM: divination: detect creatures
  4385 | D:5      | Reached skill level 5 in Polearms
  4558 | D:5      | XOM: give mutation
  4558 | D:5      | Gained mutation: You are frail. (-10% HP) [Xom's mischief]
  4704 | D:6      | Noticed Eustachio
  4719 | D:6      | Killed Eustachio
  4720 | D:6      | Gained mutation: You have a small tail. [demonic ancestry]
  4720 | D:6      | Reached XP level 7. HP: 46/46 MP: 7/7
  5022 | D:6      | Reached skill level 6 in Polearms
  5039 | D:6      | Identified the +4 plate armour "Boriuq" {rN+ Stlth+}
  5066 | D:6      | Found a hide-covered altar of Uskayaw.
  5066 | D:6      | Noticed Menkaure
  5066 | D:6      | XOM: cast spell 'Call Canine Familiar'
  5072 | D:6      | XOM: noise
  5074 | D:6      | Killed Menkaure
  5095 | D:6      | XOM: 8-stop teleportation journey
  5152 | D:6      | XOM: silly message
  5295 | D:6      | XOM: divination: detect items
  5313 | D:6      | Reached XP level 8. HP: 40/54 MP: 8/8
  5434 | D:6      | XOM: divination: magic mapping
  5686 | D:6      | XOM: divination: magic mapping
  5732 | D:6      | Reached skill level 7 in Polearms
  5893 | D:7      | XOM: enchant monster (bad)
  5900 | D:7      | XOM: enchant monster (good)
  6022 | D:7      | Found an ancient bone altar of Kikubaaqudgha.
  6181 | D:7      | Reached skill level 8 in Polearms
  6240 | D:7      | XOM: summons friendly white imp
  6247 | D:7      | Reached skill level 5 in Armour
  6249 | D:7      | Reached XP level 9. HP: 60/60 MP: 9/9
  6332 | D:7      | XOM: confuse monster(s)
  6360 | D:7      | Reached skill level 5 in Fighting
  6470 | D:7      | Found Waplacy's Self-Published Books.
  6563 | D:7      | Found a broken altar of Ashenzari.
  6563 | D:7      | Found a shadowy altar of Dithmenos.
  6563 | D:7      | Found a bloodstained altar of Trog.
  6664 | D:7      | XOM: cloud trail
  6765 | D:8      | Reached skill level 9 in Polearms
  7072 | D:7      | XOM: draining
  7340 | D:8      | XOM: god gift: potion of curing
  7381 | D:8      | XOM: 3-stop teleportation journey
  7501 | D:8      | XOM: confuse monster(s)
  7776 | D:8      | XOM: give mutations
  7776 | D:8      | Gained mutation: You expend magic power (3 MP) to
                  | strengthen your wands. [Xom's grace]
  7776 | D:8      | Gained mutation: Your muscles are strong. (Str +4, Int/Dex
                  | -1) [Xom's grace]
  7776 | D:8      | Gained mutation: Your mind is acute. (Int +4, Str/Dex -1)
                  | [Xom's grace]
  7914 | D:8      | Found Cacelistru's Magic Scroll Shoppe.
  7972 | D:8      | XOM: summons friendly crimson imp
  7973 | D:8      | Found a blossoming altar of Fedhas.
  7979 | D:8      | Gained mutation: You have a tail ending in a sharp stinger.
                  | [demonic ancestry]
  7979 | D:8      | Reached XP level 10. HP: 54/68 MP: 10/10
  7996 | D:8      | XOM: divination: detect items
  8027 | D:8      | Noticed a tengu warrior
  8040 | D:8      | Killed a tengu warrior
  8041 | D:8      | Reached skill level 10 in Polearms
  8124 | D:8      | XOM: silly message
  8239 | D:8      | XOM: silly message
  8309 | D:9      | Found a staircase to the Lair.
  8507 | D:9      | XOM: 1-stop teleportation journey
  8568 | D:9      | XOM: enchant monster (bad)
  8763 | D:9      | Noticed a two-headed ogre
  8776 | D:9      | Killed a two-headed ogre
  8777 | D:9      | Reached skill level 11 in Polearms
  8926 | D:9      | XOM: swap monsters
  8947 | D:9      | XOM: blink monster(s)
  8960 | D:9      | XOM: give mutations
  8960 | D:9      | Gained mutation: You are clumsy. (Dex -2) [Xom's mischief]
  8960 | D:9      | Gained mutation: You sometimes lose your temper in combat.
                  | [Xom's mischief]
  8960 | D:9      | Gained mutation: You are strong-willed. (Will+) [Xom's
                  | mischief]
  8960 | D:9      | Gained mutation: Your spells are a little easier to cast,
                  | but a little less powerful. [Xom's mischief]
  9129 | D:9      | XOM: god gift: wand of quicksilver (7)
  9360 | D:9      | Found a hazy altar of Hepliaklqana.
  9421 | D:9      | Found a sacrificial altar of Ru.
  9441 | D:9      | Found a staircase to the Orcish Mines.
  9441 | D:9      | XOM: swap monsters
  9578 | D:9      | Found an iron altar of Okawaru.
  9578 | D:9      | Found a snail-covered altar of Cheibriados.
  9729 | D:10     | Entered Level 10 of the Dungeon
  9730 | D:10     | Found a transporter.
  9734 | D:10     | Found a transporter.
  9738 | D:10     | Found a transporter.
  9738 | D:10     | Found a transporter.
  9808 | D:10     | XOM: summons 4 hostile demons
  9868 | D:10     | Gained mutation: You have a sharp stinger which inflicts
                  | weakening toxins. [demonic ancestry]
  9868 | D:10     | Reached XP level 11. HP: 75/75 MP: 11/11
  9937 | D:10     | Noticed a skeletal warrior
  9938 | D:10     | Noticed a skeletal warrior
  9949 | D:10     | Killed a skeletal warrior
  9949 | D:10     | XOM: chaos cloud
  9956 | D:10     | XOM: noise
  9960 | D:10     | XOM: swap monsters
  9964 | D:10     | Killed a skeletal warrior
 10117 | D:10     | Reached skill level 12 in Polearms
 10522 | D:10     | XOM: polymorph orc wizard -> giant cockroach
 10551 | D:10     | Found a burning altar of Makhleb.
 10668 | D:10     | Found a transporter.
 10670 | D:10     | Found a transporter.
 10686 | D:10     | XOM: summons 6 hostile demons
 10895 | D:10     | XOM: torment (44/77 hp)
 11167 | D:11     | XOM: give mutation
 11167 | D:11     | Gained mutation: You have a pair of small horns on your
                  | head. [Xom's mischief]
 11264 | D:11     | XOM: 1-stop teleportation journey
 11319 | D:11     | XOM: give mutations
 11319 | D:11     | Lost mutation: You sometimes lose your temper in combat.
                  | [Xom's mischief]
 11319 | D:11     | Gained mutation: You occasionally lose the ability to drink
                  | potions when taking damage. [Xom's mischief]
 11376 | D:11     | Identified the +6 mace of the Muttering Hawk {flame, Will+
                  | MP+9}
 11432 | D:11     | XOM: 5-stop teleportation journey
 11433 | D:11     | Paralysed by a hornet for 3 turns
 11738 | D:11     | XOM: 3-stop teleportation journey
 12483 | D:11     | XOM: chaos upgrade
 12525 | D:11     | XOM: noise
 12785 | D:11     | XOM: scenery: 2 doors close
 12860 | D:12     | Identified the maw talisman of Jigsaw {rF+}
 12860 | D:12     | Noticed Rupert
 12870 | D:12     | XOM: enchant monster (bad)
 12871 | D:12     | XOM: swap monsters
 12875 | D:12     | Reached skill level 13 in Polearms
 12879 | D:12     | Mangled by Rupert

Illustrated notes

Levels and vault maps discovered:
D:1:      giann_wishing_wells, layout_loops_ring
D:2:      layout_basic, grunt_ministairs_4, kennysheep_generic_room_16
D:3:      layout_basic, mainiacjoe_overflow_surrounded_room,
          hellmonk_ecumenical_altar_zigzags, uniq_jessica
D:4:      layout_basic, mainiacjoe_overflow_catwalk,
          minmay_temple_entry_purple_smoke
D:5:      lemuel_ratsnest, layout_rooms, amcnicky_altar_gilded
D:6:      layout_cave_pods, mainiacjoe_overflow_paths, uniq_menkaure,
          uniq_eustachio
D:7:      layout_cave_pools, lemuel_crystal_altar,
          gammafunk_temple_overflow_claw, minivault_11, nicolae_custom_books,
          st_stairs_10
D:8:      nicolae_cairo_tiling_large, layout_loops_ring, lemuel_round_altar,
          mainiacjoe_overflow_six_doors_small, serial_shops, shop
D:9:      layout_roguey, nzn_hepliaklqana_mist_gate,
          gammafunk_temple_overflow_elements, nicolae_ru_the_path_less_chosen,
          minmay_lair_entry_grove, hiddenorc1_lemuel, serial_rivers,
          chequers_serial_rivers_room_b, chequers_serial_rivers_small_b,
          chequers_serial_rivers_small_3, chequers_serial_rivers_room_a,
          chequers_serial_rivers_micro_b
D:10:     layout_irregular_city, lightli_temple_of_fire, nrook_campfire,
          hangedman_decor_clover_reticule, serial_nicolae_subway,
          nicolae_sub_station_metal, nicolae_sub_station_crystal,
          nicolae_sub_station_stone
D:11:     layout_basic, introduction_to_nature_2
D:12:     layout_rooms, gammafunk_ghost_berserking_beasts, uniq_rupert
Temple:   nicolae_temple_superstar

Skill      XL: |  1  2  3  4  5  6  7  8  9 10 11 |
---------------+----------------------------------+-----
Polearms       | 3 4 5 6 8 9 11 13 | 13.0
Dodging        | 3 4 |  4.3
Armour         | 1 2 3 5 6 8 9 |  9.3
Fighting       | 3 4 6 7 8 |  8.5
Throwing       | |  1.7
Shields        | |  0.9

Action                     |  1- 3 |  4- 6 |  7- 9 | 10-12 || total
---------------------------+-------+-------+-------+-------++-------
  Melee: Trident           |    86 |   122 |   263 |   399 ||   870
         Punch             |     1 |     2 |     2 |     8 ||    13
         Tailslap          |       |       |    33 |    40 ||    73
         Headbutt          |       |       |       |    28 ||    28
    Use: Scroll            |     3 |     7 |     6 |     3 ||    19
         Potion            |       |     4 |     3 |     2 ||     9
   Stab: Sleeping          |     1 |       |       |     1 ||     2
         Paralysed         |       |       |     1 |       ||     1
         Confused          |       |       |       |     4 ||     4
 Armour: Leather armour    |    43 |     3 |       |       ||    46
         Chain mail        |       |    67 |    18 |       ||    85
         Plate armour      |       |       |   167 |   240 ||   407
  Dodge: Dodged            |    46 |    47 |    86 |   126 ||   305
  Block: Other             |       |       |    38 |    60 ||    98
         Reflection        |       |       |     1 |     4 ||     5

Table legend: (Time is in decaauts)
 A = Elapsed time spent in this place.
 B = Non-inter-level travel time spent in this place.
 C = Inter-level travel time spent in this place.
 D = Time resting spent in this place.
 E = Time spent auto-exploring this place.
 F = Levels seen in this place.
 G = Mean time per level.
                   A        B        C        D        E       F      G
               +--------+--------+--------+--------+--------+-----+--------+
         Total |  12830 |  11508 |   1322 |   3430 |   6029 |  13 |  986.9 |
       Dungeon |  12729 |  11506 |   1223 |   3430 |   6029 |  12 | 1060.8 |
        Temple |    100 |      1 |     99 |      0 |      0 |   1 |  100.0 |
               +--------+--------+--------+--------+--------+-----+--------+

Top non-repeatable levels by time:
    D:10: 1692 daAuts
    D:11: 1411 daAuts
     D:8: 1349 daAuts
     D:9: 1252 daAuts
     D:6: 1222 daAuts
     D:7: 1195 daAuts
     D:3: 1128 daAuts
     D:4: 1118 daAuts
     D:2: 909 daAuts
     D:5: 745 daAuts
     D:1: 678 daAuts
  Temple: 100 daAuts
    D:12: 24 daAuts
